 Dungeon Crawl Stone Soup version 0.25-a0-346-g140ab784a8 (webtiles) character file.

Game seed: 5920871511280708437, levelgen mode: classic

306830 Borgoz the Tortoise (level 21, -1/126 HPs)
             Began as a Gargoyle Fighter on Jan 1, 2020.
             Was the Champion of Okawaru.
             Killed by divine providence
             ... invoked by a deep elf high priest
              (8 damage)
             ... on level 3 of the Elven Halls.
             The game lasted 02:21:04 (43551 turns).

Borgoz the Tortoise (Gargoyle Fighter)             Turns: 43551, Time: 02:21:05

Health: -1/126     AC: 61    Str: 27    XL:     21   Next: 17%
Magic:  0/29       EV: 16    Int: 10    God:    Okawaru [******]
Gold:   944        SH:  0    Dex: 18    Spells: 20/20 levels left

rFire    + + .     SeeInvis +   E - +4 eveningstar (protect)
rCold    + + .     Gourm    .   (no shield)
rNeg     + . .     Faith    .   B - +3 crystal plate armour
rPois    ∞         Spirit   +   P - +3 helmet of Moghoir {rC+ SInv}
rElec    +         Reflect  .   G - +1 cloak {MR+}
rCorr    +         Harm     .   W - +1 pair of gloves {Dex+3}
MR       ++...                  A - +0 pair of boots of Sorcery {rCorr}
Stlth    ..........             H - amulet of guardian spirit
HPRegen  0.31/turn              Q - ring of protection from fire
MPRegen  0.21/turn              y - +4 ring of strength

@: resistant, corroded, protection aura, berserk cooldown, flying, very slightly
contaminated, slowed, invisible, very slow
A: big wings, frail 1, negative energy resistance 1, electricity resistance,
unbreathing, petrification resistance, rot immunity, AC +16
}: 2/15 runes: serpentine, barnacled
a: Stop Flying, Heroism, Finesse, Renounce Religion


You were on level 3 of the Elven Halls.
You worshipped Okawaru.
Okawaru was exalted by your worship.
You were not hungry.

You visited 7 branches of the dungeon, and saw 35 of its levels.
You visited the Abyss 3 times.
You also visited: Bailey and Gauntlet.

You collected 3644 gold pieces.
You spent 2700 gold pieces at shops.

Inventory:

Hand Weapons
 a - a +2 eveningstar of freezing
 E - a +4 eveningstar of protection (weapon)
Missiles
 S - 3 throwing nets (quivered)
Armour
 b - the +0 scale mail "Keikolle" {rC+ MR+}
   (Okawaru gifted it to you on level 3 of the Shoals)

   It protects you from cold.
   It affects your resistance to hostile enchantments.
 A - the +0 pair of boots of Sorcery (worn) {rCorr}
   (You found it on level 4 of the Snake Pit)

   It provides partial protection from all sources of acid and corrosion.
 B - a +3 crystal plate armour (worn)
 C - the +0 pair of boots "Ytyrreeg" {rC- Dex+6}
   (Okawaru gifted it to you on level 2 of the Shoals)

   It affects your dexterity (+6).
   It makes you vulnerable to cold.
 G - a +1 cloak of magic resistance (worn)
 M - a +0 hat of magic resistance
 P - the +3 helmet of Moghoir (worn) {rC+ SInv}
   (You bought it in a shop on level 11 of the Dungeon)

   It protects you from cold.
   It lets you see invisible.
 V - the +1 cloak of Starlight {rElec rC+ EV+4 Stlth--}
   (You found it on level 13 of the Dungeon)

   It affects your evasion (+4).
   It protects you from cold.
   It insulates you from electricity.
   It makes you much less stealthy.
 W - a +1 pair of gloves of dexterity (worn)
Jewellery
 k - a +6 ring of protection
 v - an uncursed ring of protection from magic
 y - a +4 ring of strength (right hand)
 F - the ring of Asineneru {rElec rPois rC+ Slay+2}
   (You found it on level 4 of the Shoals)

   [ring of poison resistance]

   It affects your accuracy and damage with ranged weapons and melee attacks
   (+2).
   It protects you from cold.
   It insulates you from electricity.
   It protects you from poison.
 H - an amulet of guardian spirit (around neck)
 Q - a ring of protection from fire (left hand)
 U - an uncursed ring of resist corrosion
Wands
 g - a wand of iceblast (33)
 m - a wand of clouds (6)
 n - a wand of disintegration (29)
 r - a wand of digging (8)
 I - a wand of enslavement (5)
 Y - a wand of acid (14)
Scrolls
 e - a scroll of amnesia
 h - 14 scrolls of teleportation
 o - 5 scrolls of blinking
 q - a scroll of fear
 w - 6 scrolls of magic mapping
 x - 9 scrolls of fog
 D - 20 scrolls of remove curse
Potions
 c - 4 potions of agility
 d - 9 potions of curing
 i - 4 potions of ambrosia
 p - a potion of brilliance
 s - a potion of berserk rage
 u - a potion of mutation
 z - 3 potions of haste
 L - 6 potions of might
 O - a potion of heal wounds
 R - 3 potions of cancellation
Comestibles
 f - 63 rations
 t - 4 chunks of flesh


   Skills:
 + Level 17.4 Fighting
   Level 0.2 Long Blades
 + Level 19.0 Maces & Flails
 + Level 19.7 Armour
 * Level 15.7 Dodging
   Level 5.0 Shields
 - Level 11.4 Invocations
 - Level 5.0 Evocations


You had 20 spell levels left.
You didn't know any spells.
Your spell library contained the following spells:

 Spells                   Type           Power        Failure   Level  Hunger
 Beastly Appendage        Tmut           #.....       99%         1    ##.....
 Confusing Touch          Hex            #.....       99%         1    ##.....
 Corona                   Hex            #......      99%         1    ##.....
 Magic Dart               Conj           #...         99%         1    ##.....
 Sandblast                Erth           #.....       99%         1    ##.....
 Summon Small Mammal      Summ           #...         99%         1    ##.....
 Call Imp                 Summ           #.......     100%        2    ###....
 Ensorcelled Hibernation  Hex/Ice        #.....       100%        2    ###....
 Passwall                 Tmut/Erth      #.......     100%        2    ###....
 Poisonous Vapours        Pois/Air       #.....       100%        2    ###....
 Searing Ray              Conj           #.....       100%        2    ###....
 Sticks to Snakes         Tmut           #.......     100%        2    ###....
 Call Canine Familiar     Summ           #.......     100%        3    ####...
 Confuse                  Hex            #.......     100%        3    ####...
 Conjure Flame            Conj/Fire      #.......     100%        3    ####...
 Dazzling Flash           Conj/Hex       #.....       100%        3    ####...
 Gell's Gravitas          Tloc           #.........   100%        3    ####...
 Mephitic Cloud           Conj/Pois/Air  #.......     100%        3    ####...
 Recall                   Summ/Tloc      N/A          100%        3    ####...
 Spider Form              Tmut/Pois      #.........   100%        3    ####...
 Stone Arrow              Conj/Erth      #.....       100%        3    ####...
 Summon Guardian Golem    Hex/Summ       #.......     100%        3    ####...
 Tukima's Dance           Hex            #.......     100%        3    ####...
 Fulminant Prism          Conj/Hex       #.........   100%        4    #####..
 Ice Form                 Ice/Tmut       #.......     100%        4    #####..
 Iskenderun's Mystic Bla  Conj/Tloc      #.......     100%        4    #####..
 Leda's Liquefaction      Hex/Erth       #.........   100%        4    #####..
 Petrify                  Tmut/Erth      #.......     100%        4    #####..
 Summon Ice Beast         Ice/Summ       #.......     100%        4    #####..
 Summon Lightning Spire   Summ/Air       #.......     100%        4    #####..
 Blade Hands              Tmut           #.........   100%        5    ######.
 Bolt of Magma            Conj/Fire/Erth #.........   100%        5    ######.
 Iskenderun's Battlesphe  Conj/Chrm      #.......     100%        5    ######.
 Lee's Rapid Deconstruct  Erth           #.........   100%        5    ######.
 Metabolic Englaciation   Hex/Ice        #.........   100%        5    ######.
 Summon Demon             Summ           #.........   100%        5    ######.
 Yara's Violent Unravell  Hex/Tmut       #.........   100%        5    ######.
 Freezing Cloud           Conj/Ice/Air   #.........   100%        6    #######
 Iron Shot                Conj/Erth      #.........   100%        6    #######
 Orb of Destruction       Conj           #.........   100%        7    #######
 Ring of Flames           Chrm/Fire      #.........   100%        7    #######
 Spellforged Servitor     Conj/Summ      #.........   100%        7    #######
 Shatter                  Erth           #.........   100%        9    #######
 Statue Form              Tmut/Erth      Unusable     N/A         6    N/A

Dungeon Overview and Level Annotations

Branches:
Dungeon (15/15)            Temple (1/1) D:5            Lair (6/6) D:9
 Shoals (4/4) Lair:4        Snake (4/4) Lair:4        Slime (0/5) Lair:5
    Orc (2/2) D:11            Elf (3/3) Orc:2        Vaults (0/5) D:13
 Depths (0/5) D:15         Bailey (visited)         Gauntlet (visited)

Altars:
Ashenzari
Cheibriados
Dithmenos
Elyvilon
Fedhas
Gozag
Hepliaklqana
Kikubaaqudgha
Makhleb
Nemelex Xobeh
Okawaru
Qazlal
Ru
Sif Muna
Trog
Uskayaw
Vehumet
Wu Jian
Xom
Yredelemnul
Zin
The Shining One

Shops:
D:6 }   D:11 *   D:13 *:?*   Orc:1 (   Orc:2 ?==(::(}[   Elf:1 ?

Portals:
Hell: Lair:6
Abyss: Shoals:1
Trove: D:10 (give 15 scrolls of teleportation)

Annotations:
Shoals:1 1 transporter, Velyhum's ghost, adept SpEn


Innate Abilities, Weirdness & Mutations

You are resistant to torment.
Your stone body is resilient. (AC +16)
You are immune to poison.
Your large and strong wings let you fly indefinitely.
You resist negative energy. (rN+)
You are resistant to electric shocks. (rElec)
You can survive without breathing.
You are immune to petrification.
You are immune to rotting.
You are frail. (-10% HP)


Message History

The deep elf annihilator hits you but does no damage.
The deep elf sorcerer hits you but does no damage.
You sock the deep elf annihilator!
The deep elf annihilator is severely wounded.
The deep elf sorcerer hits you but does no damage.
The deep elf annihilator casts a spell at you.
The iron shot hits you but does no damage.
The deep elf annihilator gestures at you while chanting.
The iron shot hits you!!
* * * LOW HITPOINT WARNING * * *
You hit the deep elf annihilator but do no damage.
The deep elf annihilator is severely wounded.
The deep elf sorcerer gestures at you while chanting.
You easily resist.
The deep elf annihilator gestures wildly while chanting.
The deep elf annihilator blinks!
The deep elf annihilator hits you but does no damage.
The deep elf high priest calls down the wrath of its god upon you.
Something smites you!
You die...

###.## ##
#.....# #}
.......######|
.......ee.#$=
.§....2Ese#}#
.....E4esE#$##
§..⌠.4eeseee$#
...§..4eee#@##
# ......e4se#§#
##
......2####$[$#
##. #.....#
###|$# #^.
###.## #}||
#... .e. ##$#
#..( ... # #...
.. #... #...


You could see a reaper, a deep elf annihilator, 2 deep elf sorcerers, a demonic
crawler, a deep elf demonologist, an orange demon, a deep elf archer, a deep elf
high priest, 3 earth elementals, 3 deep elf magi, a red devil, a tarantella and
a redback.

Vanquished Creatures
  Bai Suzhen (Shoals:3)
  Vashnia (Snake:4)
  Jorgrun (Shoals:3)
  A hellephant (Abyss:3)
  A Hell Sentinel (Abyss:3)
  2 deep elf blademasters
  Asterion (Elf:1)
  A kraken (Shoals:2)
  A deep elf master archer (Elf:3)
  3 tentacled starspawn
  Polyphemus (Shoals:3)
  Frances (Shoals:1)
  Donald (Snake:1)
  Ilsuiw (Shoals:2)
  Roxanne (Snake:1)
  Agnes (Snake:3)
  8 nagarajas
  2 deep elf sorcerers (Elf:3)
  Aizul (Snake:4)
  Louise (Elf:2)
  A draconian stormcaller (Abyss:2)
  An ophan (Abyss:3)
  A green draconian (Abyss:3)
  A deep elf demonologist (Elf:1)
  A minotaur (Gauntlet)
  A white draconian (Abyss:3)
  A dire elephant (D:15)
  3 deep elf death magi
  6 merfolk javelineers
  8 merfolk impalers
  A fire dragon (Shoals:3)
  Harold (D:8)
  An ice dragon (Shoals:3)
  A rakshasa (D:14)
  10 hydras
  17 naga warriors
  4 vault guards (D:13)
  2 merfolk avatars (Shoals:4)
  5 two-headed ogres
  2 catoblepae
  6 merfolk aquamancers (Shoals:4)
  13 anacondas
  A death knight (D:15)
  3 satyrs
  An alligator snapping turtle (Shoals:3)
  8 death yaks
  29 dancing weapons
  2 death scarabs (Gauntlet)
  A tengu warrior (D:15)
  4 centaur warriors
  An orc high priest (Elf:1)
  6 thrashing horrors
  16 naga sharpshooters
  7 shock serpents
  13 deep elf knights
  4 sixfirhies
  A fire crab (Shoals:1)
  5 salamander mystics (Snake:4)
  12 sea snakes
  2 spatial maelstroms
  2 unseen horrors
  8 skeletal warriors
  A spectral death yak (Gauntlet)
  11 naga ritualists
  4 starcursed masses (Abyss:2)
  2 wizards
  A glowing orange brain (Abyss:3)
  A spectral hydra (Gauntlet)
  4 deep elf archers
  13 mana vipers
  2 orc knights
  4 lindwurms (Snake:4)
  Pikel (D:4)
  13 harpies
  An orc sorcerer (Bailey)
  17 fauns
  5 salamanders
  10 large abominations
  An oklob plant (Lair:5)
  36 deep elf magi
  2 ugly things (D:13)
  18 manticores
  4 cyclopes
  46 black mambas
  16 merfolk sirens
  11 guardian serpents
  22 naga magi
  Maurice (D:8)
  6 elephants (Lair:6)
  9 water nymphs
  An orange demon (Abyss:3)
  An apocalypse crab (Abyss:3)
  A centaur skeleton (D:15)
  5 gargoyles
  4 smoke demons
  2 kobold demonologists
  A hellion (Abyss:3)
  20 spiny frogs
  8 komodo dragons
  3 yaktaurs (D:15)
  6 rime drakes (Lair:6)
  4 ice devils (Lair:6)
  A tengu conjurer (D:15)
  4 ancient zymes
  A silent spectre (Abyss:2)
  30 merfolk
  A red devil (Lair:6)
  A queen bee (D:8)
  A polar bear (Lair:6)
  3 wind drakes
  8 trolls
  5 hornets
  A raiju (shapeshifter) (Elf:1)
  Prince Ribbit (D:8)
  13 dream sheep
  4 blink frogs (Lair:6)
  4 raiju (Abyss:2)
  6 slime creatures
  9 snapping turtles
  13 hippogriffs
  A shadow (D:11)
  4 wraiths
  4 wyverns
  4 fire bats
  5 basilisks
  7 water elementals
  46 yaks
  A fire elemental (Elf:2)
  A ynoxinul (Abyss:2)
  17 vampire mosquitoes
  A spectral komodo dragon (Gauntlet)
  5 hungry ghosts
  Eustachio (D:4)
  A neqoxec (Abyss:2)
  4 wargs
  2 acid dragons (D:15)
  47 nagas
  A spectral spiny frog (Gauntlet)
  13 water moccasins
  2 porcupines
  4 hell hounds (Lair:6)
  52 orc warriors
  Duvessa (D:4)
  8 sky beasts
  4 ice beasts
  2 necrophages
  3 phantoms
  2 black bears
  3 eyes of draining
  7 wolves
  16 ogres
  33 centaurs
  10 crocodiles
  5 big kobolds
  17 bullfrogs
  2 gnoll sergeants
  5 earth elementals
  A wyvern zombie (D:11)
  Dowan (D:4)
  4 scorpions
  24 killer bees
  A vampire bat (Lair:1)
  7 wights (D:11)
  8 electric eels
  5 crimson imps
  7 centaur zombies
  8 howler monkeys
  4 jellies
  A lava snake (D:9)
  14 orc priests
  7 hounds
  5 bullfrog skeletons
  24 orc wizards
  A hell rat (D:9)
  2 iguanas
  2 iron imps (Abyss:3)
  13 worker ants
  5 small abominations
  A hound zombie (D:10)
  A hound skeleton (D:11)
  Robin (D:2)
  10 gnolls
  2 river rats (D:9)
  19 adders
  5 shadow imps
  4 ufetubi (Gauntlet)
  4 adder skeletons
  3 worms
  A dart slug (D:1)
  A leopard gecko (D:3)
  77 orcs
  A ball python (D:3)
  2 giant cockroaches
  23 goblins
  19 hobgoblins
  10 jackals
  21 kobolds
  9 quokkas
  11 bats
  2 frilled lizards
  A jackal zombie (D:5)
  A quokka skeleton (D:6)
  12 rats
  A bush (Shoals:3)
  A fungus (Lair:6)
  2 plants
  4 starspawn tentacles (Abyss:2)
  4 tentacles (Shoals:2)
1406 creatures vanquished.

Vanquished Creatures (others)
  A deep elf knight (Elf:2)
  3 deep elf magi
  A guardian serpent (Snake:4)
  An apocalypse crab (Abyss:3)
  A water nymph (Shoals:4)
  An ogre (D:4)
  An orc (Orc:2)
  21 demonic plants (Gauntlet)
  2 fungi
  2 lurking horrors
  7 plants (Shoals:4)
  12 starspawn tentacles
  11 tentacles (Shoals:2)
64 creatures vanquished.

Grand Total: 1470 creatures vanquished

Notes
Turn   | Place    | Note
-------+----------+-------------------------------------------
     0 | D:1      | Borgoz the Gargoyle Fighter began the quest for the Orb.
     0 | D:1      | Reached XP level 1. HP: 14/14 MP: 1/1
   255 | D:1      | Reached XP level 2. HP: 19/19 MP: 2/2
   588 | D:1      | Reached XP level 3. HP: 13/23 MP: 3/3
   975 | D:2      | Reached XP level 4. HP: 29/29 MP: 4/4
  1232 | D:2      | Noticed Robin
  1261 | D:2      | Reached XP level 5. HP: 11/33 MP: 5/5
  1273 | D:2      | Killed Robin
  1576 | D:2      | Found a sparkling altar of Nemelex Xobeh.
  1576 | D:2      | Found a burning altar of Makhleb.
  1589 | D:2      | Found a shattered altar of Ashenzari.
  1589 | D:2      | Found a hide-covered altar of Uskayaw.
  1685 | D:2      | Found a blossoming altar of Fedhas.
  2407 | D:3      | Found a sacrificial altar of Ru.
  2412 | D:3      | Found an ancient bone altar of Kikubaaqudgha.
  2412 | D:3      | Found a shimmering blue altar of Sif Muna.
  2413 | D:3      | Found a snail-covered altar of Cheibriados.
  2440 | D:3      | Found a glowing silver altar of Zin.
  3012 | D:4      | Noticed Eustachio
  3064 | D:4      | Killed Eustachio
  3064 | D:4      | Reached XP level 6. HP: 30/39 MP: 6/6
  3094 | D:4      | Found a blossoming altar of Fedhas.
  3122 | D:4      | Noticed a slave
  3123 | D:4      | Noticed Pikel
  3124 | D:4      | Noticed a slave
  3197 | D:4      | Killed Pikel
  3197 | D:4      | Reached skill level 5 in Fighting
  3197 | D:4      | Reached skill level 5 in Maces & Flails
  3197 | D:4      | Reached skill level 5 in Armour
  3197 | D:4      | Reached skill level 1 in Dodging
  3197 | D:4      | Reached XP level 7. HP: 42/44 MP: 7/7
  3290 | D:4      | Identified the +3 rapier of Autumn {flame, rPois}
  3451 | D:4      | Noticed Duvessa
  3453 | D:4      | Noticed Dowan
  3463 | D:4      | Killed Duvessa
  3463 | D:4      | Reached XP level 8. HP: 40/50 MP: 8/8
  3473 | D:4      | Killed Dowan
  3869 | D:5      | Entered Level 5 of the Dungeon
  4100 | D:5      | Found a staircase to the Ecumenical Temple.
  4205 | Temple   | Entered the Ecumenical Temple
  4360 | Temple   | Became a worshipper of Warmaster Okawaru
  4542 | D:5      | Found a glowing golden altar of the Shining One.
  4746 | D:6      | Reached skill level 5 in Shields
  4766 | D:6      | Reached XP level 9. HP: 47/55 MP: 9/9
  4853 | D:6      | Found Ikkuosk's Gadget Boutique.
  4858 | D:6      | Reached * piety under Okawaru
  5105 | D:6      | Reached skill level 1 in Invocations
  5702 | D:7      | Reached ** piety under Okawaru
  5968 | D:7      | Reached XP level 10. HP: 63/63 MP: 12/12
  6203 | D:8      | Noticed Maurice
  6221 | D:8      | Reached *** piety under Okawaru
  6641 | D:8      | Killed Maurice
  6650 | D:8      | Noticed Prince Ribbit
  6683 | D:8      | Killed Prince Ribbit
  7228 | D:8      | Noticed Harold
  7242 | D:8      | Killed Harold
  7242 | D:8      | Reached **** piety under Okawaru
  7325 | D:8      | Reached skill level 10 in Maces & Flails
  7325 | D:8      | Reached skill level 5 in Dodging
  7537 | D:9      | Found a staircase to the Lair.
  7538 | D:9      | Noticed a death yak
  7539 | D:9      | Noticed a death yak
  7573 | D:8      | Killed a death yak
  7573 | D:8      | Reached skill level 5 in Invocations
  7573 | D:8      | Reached XP level 11. HP: 19/69 MP: 14/14
  7929 | D:9      | Reached ***** piety under Okawaru
  8185 | D:9      | Noticed a death yak
  8237 | D:9      | Killed a death yak
  8237 | D:9      | Received a gift from Okawaru
  8260 | D:9      | Killed a death yak
  9098 | D:9      | Noticed a two-headed ogre
  9115 | D:9      | Killed a two-headed ogre
  9621 | D:10     | Entered Level 10 of the Dungeon
  9798 | D:10     | Found a portal to a secret trove of treasure.
 10550 | D:10     | Reached XP level 12. HP: 76/76 MP: 16/16
 10876 | D:11     | Found a flagged portal.
 10905 | D:11     | Noticed a two-headed ogre
 10933 | Bailey   | Entered a bailey
 11222 | Bailey   | Found an iron altar of Okawaru.
 11228 | Bailey   | Noticed a soul eater
 11265 | Bailey   | Received a gift from Okawaru
 11857 | Bailey   | Got a pitted quick blade
 11858 | Bailey   | Identified the +6 quick blade of the Bruised Beds {freeze,
                  | rN+} (You acquired it in a bailey)
 12045 | Bailey   | Got an amethyst-encrusted leather armour
 12060 | D:11     | Killed a two-headed ogre
 12347 | D:11     | Identified the +3 leather armour "Qainegg" {Int+2 Stlth+}
                  | (You found it in a bailey)
 12484 | D:11     | Got an ichor-stained whip
 12485 | D:11     | Identified the +2 whip of Atteuty {freeze, rElec rC++} (You
                  | found it on level 11 of the Dungeon)
 12570 | D:11     | Found a staircase to the Orcish Mines.
 12616 | D:11     | Found Igot's Assorted Antiques.
 12637 | D:11     | Bought a warped helmet for 209 gold pieces
 12647 | D:11     | Identified the +3 helmet of Moghoir {rC+ SInv} (You bought
                  | it in a shop on level 11 of the Dungeon)
 12654 | D:11     | Bought a scroll of identify for 44 gold pieces
 12819 | D:11     | Reached skill level 10 in Armour
 12896 | D:11     | Reached skill level 10 in Fighting
 12940 | D:11     | Noticed a two-headed ogre
 12945 | D:11     | Killed a two-headed ogre
 13023 | D:11     | Received a gift from Okawaru
 13193 | D:12     | Noticed a two-headed ogre
 13202 | D:12     | Killed a two-headed ogre
 13811 | D:13     | Found Angexe's Magic Scroll Shoppe.
 13811 | D:13     | Found Ucoph's Assorted Antiques.
 13815 | D:13     | Bought a potion of heal wounds for 170 gold pieces
 13819 | D:13     | Bought a scroll of identify for 34 gold pieces
 13819 | D:13     | Bought a scroll of identify for 34 gold pieces
 13853 | D:13     | Reached XP level 13. HP: 82/83 MP: 19/19
 13918 | D:13     | Found the +1 cloak of Starlight {rElec rC+ EV+4 Stlth--}
 14268 | D:13     | Found Oshrekell's Book Shop.
 14352 | D:13     | Found a gate to the Vaults.
 14352 | D:13     | Noticed a vault guard
 14352 | D:13     | Noticed a vault guard
 14352 | D:13     | Noticed a vault guard
 14352 | D:13     | Noticed a vault guard
 14405 | D:13     | Killed a vault guard
 14415 | D:13     | Killed a vault guard
 14415 | D:13     | Reached ****** piety under Okawaru
 14420 | D:13     | Killed a vault guard
 14420 | D:13     | Received a gift from Okawaru
 14435 | D:13     | Killed a vault guard
 14539 | D:13     | Found Acrig's General Store.
 15150 | D:14     | Found a shimmering blue altar of Sif Muna.
 15589 | D:14     | Received a gift from Okawaru
 15589 | D:14     | Gained mutation: Your large and strong wings let you fly
                  | indefinitely. [Gargoyle growth]
 15589 | D:14     | Reached XP level 14. HP: 78/90 MP: 16/21
 15640 | D:14     | Got a faintly humming shield {god gift}
 15757 | D:14     | You fall into a shaft and drop 1 floor!
 15757 | D:15     | Entered Level 15 of the Dungeon
 16683 | Lair:1   | Entered Level 1 of the Lair of Beasts
 16799 | Lair:1   | Reached skill level 10 in Invocations
 17549 | Lair:1   | Identified the +3 shield "Lynut" {Dex+4} (Okawaru gifted it
                  | to you on level 14 of the Dungeon)
 18438 | Lair:3   | Received a gift from Okawaru
 19312 | Lair:4   | Found a staircase to the Snake Pit.
 19516 | Lair:4   | Found a staircase to the Shoals.
 20039 | Lair:5   | Found a staircase to the Slime Pits.
 20135 | Lair:5   | Reached XP level 15. HP: 96/96 MP: 22/22
 20526 | Lair:6   | Entered Level 6 of the Lair of Beasts
 20546 | Lair:5   | Reached skill level 15 in Maces & Flails
 20659 | Lair:6   | Received a gift from Okawaru
 20769 | Lair:6   | Found a gate leading to a gauntlet.
 20779 | Gauntlet | Entered a Gauntlet
 20779 | Gauntlet | Found a transporter.
 20796 | Gauntlet | Found a transporter.
 20811 | Gauntlet | Found a transporter.
 20814 | Gauntlet | Found the +8 autumn katana {slice, Clar}
 20816 | Gauntlet | Found a transporter.
 20835 | Gauntlet | Found a transporter.
 20850 | Gauntlet | Found a transporter.
 20865 | Gauntlet | Found a transporter.
 20881 | Gauntlet | Found a transporter.
 20893 | Gauntlet | Found a transporter.
 20905 | Gauntlet | Found a transporter.
 20911 | Gauntlet | Found a transporter.
 20931 | Gauntlet | Found a transporter.
 20951 | Gauntlet | Found a transporter.
 20978 | Gauntlet | Found a transporter.
 21000 | Gauntlet | Found a transporter.
 21002 | Gauntlet | Found a transporter.
 21003 | Gauntlet | Found a transporter.
 21070 | Gauntlet | Found a transporter.
 21219 | Gauntlet | Got a pitted pewter ring
 21223 | Gauntlet | Identified the ring "Dyif" {*Tele rElec rN+ Slay-5} (You
                  | found it in a Gauntlet)
 21287 | Gauntlet | Identified the +0 plate armour of Myneteor {MR++ Str-5
                  | Int+3}
 21588 | Lair:6   | Received a gift from Okawaru
 22452 | Lair:6   | Found a burning altar of Makhleb.
 22529 | Lair:6   | Found a gateway to Hell.
 23562 | D:9      | Found an opulent altar of Gozag.
 23623 | D:11     | Bought a potion of heal wounds for 110 gold pieces
 23623 | D:11     | Bought a potion of might for 88 gold pieces
 23623 | D:11     | Bought a potion of haste for 220 gold pieces
 23649 | Orc:1    | Entered Level 1 of the Orcish Mines
 23686 | Orc:1    | Found Nagolin's Antique Weapon Shop.
 23876 | Orc:2    | Entered Level 2 of the Orcish Mines
 23876 | Orc:2    | Found Cetiogiv's Weapon Boutique.
 24109 | Orc:2    | Reached XP level 16. HP: 103/104 MP: 24/24
 24230 | Orc:2    | Reached skill level 1 in Evocations
 24234 | Orc:2    | Found Tath's Jewellery Shoppe.
 24237 | Orc:2    | Found Zitoa's Magic Scroll Shop.
 24372 | Orc:2    | Found a staircase to the Elven Halls.
 24447 | Orc:2    | Found Qokk's Jewellery Shoppe.
 24510 | Orc:2    | Found Anefisylim's Antique Weapon Shoppe.
 24510 | Orc:2    | Found Berphoegg's Book Shop.
 24510 | Orc:2    | Found Wedd's Book Boutique.
 24513 | Orc:2    | Found Parig's Gadget Emporium.
 24614 | Orc:2    | Found Cuqeyh's Armour Shoppe.
 24616 | Orc:2    | Found a bloodstained altar of Trog.
 24895 | Orc:2    | Bought a manual of Armour for 1656 gold pieces
 25299 | D:15     | Received a gift from Okawaru
 25654 | D:15     | Found a staircase to the Depths.
 25680 | D:15     | Reached skill level 10 in Dodging
 26227 | Shoals:1 | Entered Level 1 of the Shoals
 26904 | Shoals:1 | Found the +2 ratskin cloak {+Rats rPois rN+ Str-1 Int-1
                  | Dex+1}
 26907 | Shoals:1 | Found a transporter.
 26913 | Shoals:1 | Noticed a tentacled starspawn
 26964 | Shoals:1 | Noticed a daeva
 27048 | Shoals:1 | Noticed Frances
 27049 | Shoals:1 | Identified the +7 trident of Absolution {distort, rN+ MP+9}
 27069 | Shoals:1 | Killed Frances
 27101 | Shoals:1 | Found a one-way gate to the infinite horrors of the Abyss.
 27101 | Shoals:1 | Noticed Velyhum's ghost (adept SpEn)
 27707 | Shoals:1 | Found a transporter.
 27984 | Shoals:2 | Received a gift from Okawaru
 27991 | Shoals:2 | Got a pair of dazzling boots {god gift}
 28002 | Shoals:2 | Identified the +0 pair of boots "Ytyrreeg" {rC- Dex+6}
                  | (Okawaru gifted it to you on level 2 of the Shoals)
 28045 | Shoals:2 | Noticed Ilsuiw
 28076 | Shoals:2 | Killed Ilsuiw
 28084 | Shoals:2 | You are sucked into a shaft and drop 1 floor!
 28827 | Shoals:2 | Noticed a kraken
 28939 | Shoals:2 | Killed a kraken
 29368 | Shoals:2 | Reached XP level 17. HP: 111/111 MP: 25/25
 29890 | Shoals:3 | Reached skill level 5 in Evocations
 29909 | Shoals:3 | Got a distressingly furry animal skin
 29910 | Shoals:3 | Identified the cursed +1 animal skin of the Dragon {Str+3}
                  | (You found it on level 3 of the Shoals)
 30069 | Shoals:3 | Reached skill level 15 in Armour
 30104 | Shoals:3 | Noticed Jorgrun
 30121 | Shoals:3 | Killed Jorgrun
 30261 | Shoals:3 | Noticed Polyphemus
 30271 | Shoals:3 | Received a gift from Okawaru
 30303 | Shoals:3 | Killed Polyphemus
 30323 | Shoals:3 | Got a distressingly furry scale mail {god gift}
 30334 | Shoals:3 | Identified the +0 scale mail "Keikolle" {rC+ MR+} (Okawaru
                  | gifted it to you on level 3 of the Shoals)
 30600 | Shoals:4 | Entered Level 4 of the Shoals
 30838 | Shoals:4 | Got a vibrating golden ring
 30856 | Shoals:4 | Identified the ring of Asineneru {rElec rPois rC+ Slay+2}
                  | (You found it on level 4 of the Shoals)
 30901 | Shoals:4 | Noticed Bai Suzhen
 31202 | Shoals:3 | Killed Bai Suzhen
 31346 | Shoals:4 | Cast into level 3 of the Abyss (merfolk javelineer)
 31424 | Abyss:3  | Noticed a Hell Sentinel
 31451 | Abyss:3  | Killed a Hell Sentinel
 31451 | Abyss:3  | Received a gift from Okawaru
 31498 | Abyss:3  | Noticed a hellephant
 31499 | Shoals:4 | Escaped the Abyss
 32053 | Shoals:4 | Reached XP level 18. HP: 118/118 MP: 26/26
 32486 | Shoals:4 | Reached skill level 15 in Fighting
 32931 | Shoals:4 | Got a barnacled rune of Zot
 33601 | Orc:2    | Bought a scroll of teleportation for 45 gold pieces
 33601 | Orc:2    | Bought a scroll of teleportation for 45 gold pieces
 33601 | Orc:2    | Bought a scroll of teleportation for 45 gold pieces
 33819 | Snake:1  | Entered Level 1 of the Snake Pit
 34049 | Snake:1  | Noticed Donald
 34066 | Snake:1  | Killed Donald
 34066 | Snake:1  | Received a gift from Okawaru
 34165 | Snake:1  | You are sucked into a shaft and drop 1 floor!
 34724 | Snake:1  | Noticed Roxanne
 34757 | Snake:1  | Killed Roxanne
 36521 | Snake:3  | Received a gift from Okawaru
 36632 | Snake:3  | Reached XP level 19. HP: 97/125 MP: 23/27
 36899 | Snake:4  | Entered Level 4 of the Snake Pit
 37412 | Snake:4  | Noticed Agnes
 37450 | Snake:3  | Killed Agnes
 37450 | Snake:3  | Received a gift from Okawaru
 37512 | Snake:4  | Noticed Vashnia
 37549 | Snake:4  | Found a stormy altar of Qazlal.
 37601 | Snake:4  | Killed Vashnia
 37933 | Snake:4  | Got a pair of translucent boots
 37944 | Snake:4  | Identified the cursed +0 pair of boots of Sorcery {rCorr}
                  | (You found it on level 4 of the Snake Pit)
 38035 | Snake:4  | Noticed Aizul
 38052 | Snake:4  | Killed Aizul
 39006 | Snake:4  | Received a gift from Okawaru
 39009 | Snake:4  | Got a crystal demon whip {god gift}
 39010 | Snake:4  | Identified the +1 demon whip "Z" {venom, rC- Int+4 SInv}
                  | (Okawaru gifted it to you on level 4 of the Snake Pit)
 39254 | Snake:4  | Reached XP level 20. HP: 115/132 MP: 9/28
 39267 | Snake:4  | Got a serpentine rune of Zot
 39819 | Elf:1    | Entered Level 1 of the Elven Halls
 39936 | Elf:1    | Noticed a Tzitzimitl
 40025 | Elf:1    | Identified Sif Muna's Volume of Companions
 40248 | Elf:1    | Found Fehishroi's Magic Scroll Shoppe.
 40325 | Elf:1    | Noticed Asterion
 40349 | Elf:1    | Killed Asterion
 40364 | Elf:1    | Received a gift from Okawaru
 41114 | Elf:2    | Found a radiant altar of Vehumet.
 41175 | Elf:2    | Cast into level 3 of the Abyss (+2 short sword of
                  | distortion)
 41404 | Abyss:3  | Noticed a hellephant
 41425 | Abyss:3  | Received a gift from Okawaru
 41439 | Abyss:3  | Killed a hellephant
 41491 | Elf:2    | Escaped the Abyss
 41720 | Elf:2    | Reached skill level 15 in Dodging
 41816 | Elf:2    | Found a runed translucent gate.
 41816 | Elf:2    | Found a runed translucent gate.
 41819 | Elf:2    | Found a runed translucent gate.
 42035 | Elf:2    | Noticed Louise
 42070 | Elf:2    | Killed Louise
 42806 | Elf:3    | Entered Level 3 of the Elven Halls
 43090 | Elf:3    | Received a gift from Okawaru
 43090 | Elf:3    | Cast into level 2 of the Abyss (a deep elf sorcerer)
 43104 | Abyss:2  | Found a corrupted altar of Lugonu.
 43223 | Abyss:2  | Reached XP level 21. HP: 82/139 MP: 22/29
 43227 | Abyss:2  | Gained mutation: You are frail. (-10% HP) [a neqoxec]
 43525 | Elf:3    | Escaped the Abyss
 43551 | Elf:3    | Killed from afar by a deep elf high priest

Levels and vault maps discovered:
D:1:      grunt_arrival_lava_bath, layout_rooms
D:2:      layout_rooms, lemuel_round_altar, grunt_temple_overflow_cloverleaf,
          uniq_robin
D:3:      layout_basic, grunt_temple_overflow_open, serial_rivers,
          chequers_serial_rivers_small_a, chequers_serial_rivers_large_a,
          chequers_serial_rivers_micro_a, chequers_serial_rivers_micro_d,
          chequers_serial_rivers_small_3, chequers_serial_rivers_room_a,
          patterned_corridor
D:4:      layout_loops_ring, fedhas_altar_3, uniq_eustachio, uniq_duvessa,
          uniq_pikel
D:5:      layout_basic, nicolae_tso_carved_into_rock,
          minmay_temple_entry_statues_fountains, first_ration
D:6:      layout_basic, serial_shops, nicolae_shop_trees, st_stairs_1
D:7:      layout_rooms, minmay_chambers_of_fives
D:8:      layout_loops_ring, minmay_misc_feat_diagonals, david_nohive_1,
          lightli_minifort, uniq_harold, uniq_maurice, uniq_prince_ribbit1
D:9:      layout_layer_cave, nicolae_overflow_hidden_temple, dpeg_lair_monsters,
          nicolae_lava_and_water
D:10:     layout_roguey, nicolae_trove_entry_crossroad
D:11:     layout_roguey, david_orc_3, enter_bailey_6, serial_shops,
          nicolae_shop_behind_doors
D:12:     layout_loops_ring
D:13:     layout_stronghold, lightli_vaults_fourway_checkpoint, serial_shops,
          shop, nicolae_shop_statue_plus, shop,
          nicolae_shop_competitors_out_of_business
D:14:     layout_irregular_city, minmay_misc_feat_enclosed, basic_altar
D:15:     hangedman_depths_entry_try_elsewhere_first, layout_long_grid,
          hangedman_decor_opposing, minmay_hedge_maze, minmay_between
Temple:   jpeg_temple_alley_garden
Lair:1:   layout_small_grid, minivault_24, roderic_batcave
Lair:2:   layout_hall_layers, serial_bayou_lagoon_b
Lair:3:   layout_misc_corridors, beast_lair_carwin_4
Lair:4:   layout_hall_layers, elwin_shoals_entry_rooms,
          minmay_snake_entry_guardpost_small, serial_bayou_pond_d,
          infiniplex_staircase_pool, grunt_megastairs_4
Lair:5:   layout_small_grid, minmay_slime_entry_pillars, grunt_megastairs_3,
          infiniplex_staircase_pool_2
Lair:6:   evil_forest, layout_cave_pods, gauntlet_entry_generic,
          chequers_serial_rivers_marsh, st_stairs_11,
          chequers_serial_rivers_micro_b, minmay_shattered_shrine
Shoals:1: layout_shoals, gammafunk_ghost_abyssal_escape,
          hangedman_shoal_volcano, uniq_frances
Shoals:2: layout_shoals, uniq_ilsuiw
Shoals:3: argonaut_golden_fleece, layout_shoals, uniq_polyphemus, uniq_jorgrun
Shoals:4: shoals_end_simple, layout_shoals, shoals_ilsuiw_alternative,
          uniq_bai_suzhen
Snake:1:  layout_grid_maze, st_stairs_8, uniq_donald, uniq_roxanne
Snake:2:  layout_concentric_octagons, st_stairs_14, grunt_ministairs_9,
          corexii_hall_statues_x
Snake:3:  layout_onion_interference, lemuel_fruit_tree
Snake:4:  snake_pit_salamanders_mu, layout_rooms, basic_altar,
          grunt_ministairs_1, nicolae_snake_single_loop, drop_trap,
          serial_bayou_shore_b, uniq_aizul, uniq_agnes, uniq_vashnia
Orc:1:    layout_caves, serial_shops, shop
Orc:2:    st_orc_rangers, layout_caves, serial_shops, nicolae_shop_trees,
          shop_statue, nicolae_shop_crystal, shop, shop, basic_altar,
          lightli_orcish_oven
Elf:1:    layout_onion_city, serial_shops, shop_statue, minmay_elf_demonology,
          uniq_asterion
Elf:2:    layout_geoelf_octagon, basic_altar, serial_sigils,
          serial_sigils_hangedman_shear, serial_sigils_hangedman_leer,
          serial_sigils_hangedman_snap, serial_sigils_hangedman_gnaw,
          uniq_louise
Elf:3:    minmay_elf_hall_hex, layout_geoelf_octagon

Skill      XL: |  1  2  3  4  5  6  7  8  9 10 11 12 13 14 15 16 17 18 19 20 21 |
---------------+----------------------------------------------------------------+-----
Maces & Flails | 3 4 5 6 7 8 10 11 12 13 14 16 17 18 19 | 19.0
Fighting       | 4 5 6 7 8 9 10 11 12 13 14 15 16 17 | 17.4
Armour         | 4 5 6 7 8 9 10 11 12 13 14 16 17 18 19 | 19.7
Dodging        | 1 2 4 5 6 7 8 9 10 11 13 14 15 | 15.7
Shields        | 4 5 |  5.0
Invocations    | 2 5 6 8 9 10 11 | 11.4
Evocations     | 4 5 |  5.0
Long Blades    | |  0.2

Action                   |  1- 3 |  4- 6 |  7- 9 | 10-12 | 13-15 | 16-18 | 19-21 || total
-------------------------+-------+-------+-------+-------+-------+-------+-------++-------
Melee: Flail             |   165 |   248 |   363 |   969 |       |       |       ||  1745
       Dire flail        |       |       |       |   186 |  1732 |  2190 |   710 ||  4818
       Whip              |       |       |       |   104 |       |       |       ||   104
       Morningstar       |       |       |       |    59 |       |       |       ||    59
       Eveningstar       |       |       |       |       |       |       |   823 ||   823
Throw: Throwing net      |       |       |       |     2 |     1 |       |       ||     3
Invok: Heroism           |       |       |     1 |     4 |     7 |    12 |     2 ||    26
       Finesse           |       |       |       |       |       |     4 |     5 ||     9
 Abil: Fly               |       |       |       |       |     1 |       |       ||     1
Evoke: Wand              |       |       |       |       |       |       |     4 ||     4
  Use: Scroll            |     2 |     4 |     6 |    13 |    11 |     9 |     6 ||    51
       Potion            |       |     1 |     1 |     7 |       |     3 |    16 ||    28
 Stab: Held in net/web   |       |       |       |     3 |     1 |       |       ||     4
       Petrified         |       |       |       |       |     8 |    17 |       ||    25
       Invisible         |       |       |       |       |       |       |     1 ||     1
  Eat: Chunk             |     1 |     7 |    10 |    19 |    29 |    23 |    17 ||   106
       Ration            |       |       |       |     4 |     3 |     5 |     3 ||    15
Armor: Scale mail        |   128 |    99 |       |       |       |       |       ||   227
       Plate armour      |       |    75 |   216 |   287 |       |       |       ||   578
       Crystal plate arm |       |       |       |   571 |  1347 |  1739 |  1335 ||  4992
       Skin              |       |       |       |    16 |       |       |       ||    16
Dodge: Dodged            |    73 |    81 |    87 |   435 |  1319 |  1902 |  1432 ||  5329
Block: Shield            |   145 |   161 |   112 |       |       |       |       ||   418
       Buckler           |       |       |    28 |   233 |       |       |       ||   261

Table legend:
 A = Non-vault XP
 B = Vault XP
 C = Vault XP percentage of total XP
 D = Non-vault monster count
 E = Vault monster count
 F = Vault count percentage of total count
                 A         B        C        D         E       F
            +---------+---------+-------+---------+---------+-------
      Total |  290466 |  219109 |  43.0 |     948 |     449 |  32.1
            +---------+---------+-------+---------+---------+-------
        D:1 |      61 |       0 |   0.0 |      22 |       0 |   0.0
        D:2 |     107 |      38 |  26.2 |      26 |      13 |  33.3
        D:3 |      79 |       0 |   0.0 |      12 |       0 |   0.0
        D:4 |     197 |     992 |  83.4 |      12 |       4 |  25.0
        D:5 |     689 |       0 |   0.0 |      21 |       0 |   0.0
        D:6 |    1740 |      46 |   2.6 |      29 |       1 |   3.3
        D:7 |     881 |     415 |  32.0 |      21 |       4 |  16.0
        D:8 |     713 |    3817 |  84.3 |       7 |      22 |  75.9
        D:9 |    3413 |    1928 |  36.1 |      34 |      10 |  22.7
       D:10 |    3693 |       0 |   0.0 |      35 |       0 |   0.0
       D:11 |    5429 |     328 |   5.7 |      33 |       7 |  17.5
       D:12 |    4014 |       0 |   0.0 |      41 |       0 |   0.0
       D:13 |    6652 |    6496 |  49.4 |      36 |      11 |  23.4
       D:14 |   15092 |       0 |   0.0 |      61 |       0 |   0.0
       D:15 |   14478 |    3838 |  21.0 |      30 |       7 |  18.9
     Lair:1 |    4178 |      68 |   1.6 |      19 |       8 |  29.6
     Lair:2 |    1687 |       0 |   0.0 |       7 |       0 |   0.0
     Lair:3 |    2640 |    1896 |  41.8 |      12 |       7 |  36.8
     Lair:4 |    1418 |    2729 |  65.8 |       7 |      14 |  66.7
     Lair:5 |    6135 |    2963 |  32.6 |      16 |      11 |  40.7
     Lair:6 |   16134 |   13637 |  45.8 |      56 |      33 |  37.1
   Shoals:1 |   13881 |    5332 |  27.8 |      30 |      10 |  25.0
   Shoals:2 |   11928 |    3976 |  25.0 |      22 |       4 |  15.4
   Shoals:3 |   12422 |   15543 |  55.6 |      26 |       8 |  23.5
   Shoals:4 |   16654 |   28597 |  63.2 |      30 |      44 |  59.5
    Snake:1 |   10009 |    4569 |  31.3 |      20 |       3 |  13.0
    Snake:2 |   12676 |    4548 |  26.4 |      28 |       5 |  15.2
    Snake:3 |   30383 |    2909 |   8.7 |      60 |       3 |   4.8
    Snake:4 |   13061 |   58237 |  81.7 |      26 |      76 |  74.5
      Orc:1 |     957 |       3 |   0.3 |      10 |       1 |   9.1
      Orc:2 |    2104 |    4914 |  70.0 |      34 |      44 |  56.4
      Elf:1 |   18614 |    5304 |  22.2 |      33 |       5 |  13.2
      Elf:2 |   12853 |   26603 |  67.4 |      21 |      32 |  60.4
      Elf:3 |    8963 |    9681 |  51.9 |      14 |       5 |  26.3
    Abyss:2 |   16123 |       0 |   0.0 |      33 |       0 |   0.0
    Abyss:3 |   20408 |       0 |   0.0 |      24 |       0 |   0.0
     Bailey |       0 |    3219 | 100.0 |       0 |      42 | 100.0
   Gauntlet |       0 |    6483 | 100.0 |       0 |      15 | 100.0
            +---------+---------+-------+---------+---------+-------
